 Dungeon Crawl Stone Soup version 0.31-a0-667-g39726597b9 (webtiles) character file.

Game seed: 12767140472598896085

1039 GordonOverkill the Gusty (level 8, -2/43 (46) HPs)
             Began as a Tengu Delver on Sept 4, 2023.
             Slain by a wight
             ... wielding a +5 halberd
              (3 damage)
             ... on level 5 of the Dungeon.
             The game lasted 00:09:53 (5410 turns).

GordonOverkill the Gusty (Tengu Delver)             Turns: 5410, Time: 00:09:54

HP:   -2/43 (46)    AC: 11    Str: 12    XL:     8   Next: 24%
MP:   13/13         EV: 17    Int: 12    God:
Gold: 254           SH:  0    Dex: 17    Spells: 13/13 levels left

rFire   . . .        C - +4 war axe (freeze)
rCold   . . .        (no shield)
rNeg    . . .        k - +0 ring mail
rPois   +            l - +0 hat
rElec   .            B - +2 cloak
rCorr   .            F - +2 pair of gloves
SInv    .            (boots unavailable)
Will    .....        (no amulet)
Stlth   +++          D - ring of poison resistance
HPRegen 0.27/turn    (no ring)
MPRegen 0.13/turn

%: acrobat
@: flying, drained
A: beak, talons 3, evasive flight, acrobatic
a: no special abilities


You were on level 5 of the Dungeon.
You visited 1 branch of the dungeon, and saw 6 of its levels.
You also visited: Sewer.

You collected 254 gold pieces.

Inventory:

Hand Weapons
 C - a +4 war axe of freezing (weapon)
Missiles
 o - 3 boomerangs (quivered)
Armour
 b - a +0 leather armour
 k - a +0 ring mail (worn)
 l - a +0 hat (worn)
 x - a +0 robe
 B - a +2 cloak (worn)
 F - a +2 pair of gloves (worn)
Magical Staves
 f - a staff of poison
Jewellery
 y - a ring of willpower
 D - a ring of poison resistance (left hand)
 E - an amulet of faith
Wands
 g - a wand of digging (2)
 h - a wand of polymorph (7)
Scrolls
 c - a scroll of fog
 j - a scroll of teleportation
 n - a scroll of enchant armour
 p - 3 scrolls of immolation
 q - a scroll of poison
 r - a scroll of vulnerability {unknown}
 z - a scroll of silence {unknown}
 I - a scroll of blinking {unknown}
Potions
 e - 2 potions of cancellation {unknown}
 i - a potion of mutation
 m - 6 potions of enlightenment
 t - a potion of ambrosia
 u - 2 potions of might
 v - a potion of magic
 w - 2 potions of attraction
 A - 2 potions of curing {unknown}
 G - a potion of resistance


   Skills:
 - Level 3.0 Fighting
 - Level 3.0 Polearms
 - Level 6.0 Dodging
 - Level 6.0 Stealth
 - Level 3.0 Spellcasting
 - Level 1.5 Conjurations
 - Level 0.9 Translocations
 * Level 7.1 Air Magic


You had 13 spell levels left.
You didn't know any spells.
Your spell library contained the following spells:

 Spells                   Type           Power      Damage    Failure   Level
 Static Discharge         Conj/Air       24%        2-3/arc   14%         2
 Airstrike                Air            9%         2d(2-18)  30%         4
 Momentum Strike          Conj/Tloc      8%         3d8       45%         2
 Blink                    Tloc           8%         N/A       50%         2
 Lesser Beckoning         Tloc           8%         N/A       50%         2
 Summon Lightning Spire   Summ/Air       10%        N/A       78%         4


Dungeon Overview and Level Annotations

Branches:
Dungeon (6/15)              Sewer (visited)
 Temple: D:4-7

Altars:

Shops:
D:5 *:


Innate Abilities, Weirdness & Mutations

You have a beak for a mouth.
You have claws for feet.
Your magical flight helps you evade attacks. (EV +4)
You can magically evade attacks while moving or waiting.


Message History

HP restored.
Things that are here:
a +1 whip of electrocution; a +0 robe A wight is nearby!
A wight is nearby!
A wight is nearby!
A wight is nearby!
A wight is nearby!
Throw: 3 boomerangs
Press: ? - help, Q - select action, (/) - cycle Shift-Dir - straight line, f - wight
Aim: a wight, wielding a +5 halberd and wearing a +0 robe (wandering, hasn't noticed you, 57% to hit)
You throw a boomerang.
The boomerang hits the wight but does no damage.
Throw: 3 boomerangs
Press: ? - help, Q - select action, (/) - cycle Shift-Dir - straight line, f/p - wight
Aim: a wight, wielding a +5 halberd and wearing a +0 robe (57% to hit)
You throw a boomerang.
The boomerang hits the wight but does no damage.
The wight completely misses you.
You barely miss the wight. Your kick misses the wight.
Your peck misses the wight. The wight hits you with a +5 halberd.
You hit the wight. You claw the wight, but do no damage.
Your peck misses the wight.
The wight is moderately damaged.
The wight misses you. The wight hits you with a +5 halberd!
* * * LOW HITPOINT WARNING * * *
You feel drained.
* * * LOW HITPOINT WARNING * * *
You barely miss the wight. You claw the wight.
You peck the wight, but do no damage.
The wight is moderately damaged.
The wight misses you.
You barely miss the wight.
The wight is moderately damaged.
The wight hits you with a +5 halberd!
* * * LOW HITPOINT WARNING * * *
The wight hits you with a +5 halberd!
* * * LOW HITPOINT WARNING * * *
You feel drained.
You die...

.........# #.########......
######.#.# #.# #.##### #.#.# #.#
#.# # ######.#.#########.# #.#
.......#..†......#.# ##.##
######....>#####.#.# ##...##
######.....#####.#.# #...#.#
...................# ##.#.##
..##.......#####@### #..#####
#.##.#.....# #z# #....<..
#.##.###.### #.# #..##### #.##.#
#.# #####.#### #..# # ..##.# #..
........######..##### ####.###.##
#.................... ....†....##
#.##.##..#####..#####
##.####...###........#####..#####
#...##.....##.##........##.......


You could see a wight.

Vanquished Creatures
  A warg (D:5)
  An orc warrior (D:5)
  A phantom (D:5)
  Blork the orc (D:5)
  3 wights
  A jelly (D:5)
  A hound (D:5)
  2 sleepcaps (D:5)
  5 iguanas
  An orc wizard (D:6)
  8 river rats
  7 adders
  6 worms
  5 orcs
  12 ball pythons
  11 bats
  8 endoplasms
  4 giant cockroaches
  13 goblins
  6 hobgoblins
  2 jackals (Sewer)
  5 quokkas
  6 frilled lizards
  5 kobolds
  3 rats
118 creatures vanquished.

Notes
Turn   | Place    | Note
-------+----------+-------------------------------------------
     0 | D:5      | GordonOverkill the Tengu Delver began the quest for the
                  | Orb.
     0 | D:5      | Reached XP level 1. HP: 14/14 MP: 2/2
     9 | D:6      | Noticed an orc wizard
    28 | D:6      | Killed an orc wizard
    29 | D:6      | Reached XP level 2. HP: 9/19 MP: 3/3
    29 | D:6      | Reached XP level 3. HP: 12/23 MP: 4/4
    39 | D:6      | Noticed an orc warrior
   322 | D:4      | Found a glowing drain.
   326 | Sewer    | Entered a sewer
   333 | Sewer    | Reached XP level 4. HP: 28/28 MP: 5/5
   644 | Sewer    | Reached XP level 5. HP: 30/32 MP: 6/6
  1823 | D:2      | Reached skill level 5 in Dodging
  2797 | D:2      | Reached XP level 6. HP: 37/37 MP: 7/7
  4435 | D:5      | Noticed Blork the orc
  4472 | D:5      | Killed Blork the orc
  4473 | D:5      | Reached skill level 1 in Spellcasting
  4473 | D:5      | Reached skill level 1 in Conjurations
  4577 | D:5      | Reached skill level 1 in Air Magic
  4577 | D:5      | Gained mutation: Your magical flight helps you evade
                  | attacks. (EV +4) [Tengu growth]
  4577 | D:5      | Reached XP level 7. HP: 31/41 MP: 8/10
  4619 | D:5      | Reached skill level 2 in Air Magic
  4629 | D:5      | Reached skill level 3 in Air Magic
  4662 | D:5      | Found Horot's Gadget Gallery.
  4832 | D:5      | Found Plog's Book Shoppe.
  4843 | D:5      | Reached skill level 4 in Air Magic
  4848 | D:5      | Reached skill level 5 in Air Magic
  5196 | D:5      | Reached XP level 8. HP: 35/46 MP: 13/13
  5247 | D:5      | Reached skill level 6 in Air Magic
  5260 | D:5      | Noticed Pikel
  5261 | D:5      | Pikel changed into Pikel the warg
  5261 | D:5      | Noticed Pikel
  5269 | D:5      | Killed Pikel the warg
  5270 | D:5      | Reached skill level 7 in Air Magic
  5410 | D:5      | HP: 1/44 [wight/+5 halberd (10)]
  5410 | D:5      | Slain by a wight

Illustrated notes

Levels and vault maps discovered:
D:1:      lightli_arrival_maybe_door_vault, layout_loops_corners, st_stairs_3
D:2:      kennysheep_the_goblin_king, layout_loops_ring, minmay_surrounded
D:3:      layout_rooms, moated_statue
D:4:      layout_loops_ring, gup_sewer_entry_bowl, kennysheep_generic_room_3
D:5:      layout_loops_ring, serial_shops, nicolae_shop_tiny_real_fake_doors,
          nicolae_shop_tiny_real_fake_doors, nicolae_book_shop_shelving,
          nicolae_shop_gadgets, uniq_pikel, uniq_blork_the_orc
D:6:      layout_basic, nicolae_overflow_squiral

Skill      XL: |  1  2  3  4  5  6  7  8 |
---------------+-------------------------+-----
Polearms       | 3 |  3.0
Dodging        | 3 5 6 |  6.0
Stealth        | 6 |  6.0
Spellcasting   | 1 3 |  3.0
Conjurations   | 1 |  1.5
Air Magic      | 1 5 7 |  7.1
Fighting       | |  3.0
Translocations | |  0.9

Action                     |  1- 3 |  4- 6 |  7- 9 || total
---------------------------+-------+-------+-------++-------
  Melee: Spear             |    30 |   267 |       ||   297
         Kick              |     7 |    66 |    21 ||    94
         Peck              |     2 |    33 |    13 ||    48
         Punch             |       |     2 |     3 ||     5
         War axe           |       |    14 |    59 ||    73
  Throw: Boomerang         |       |       |    10 ||    10
  Evoke: Wand              |     3 |     6 |     3 ||    12
    Use: Scroll            |     1 |    14 |       ||    15
         Potion            |     1 |     1 |     1 ||     3
   Stab: Sleeping          |     1 |    19 |     1 ||    21
         Distracted        |       |     1 |       ||     1
 Armour: Leather armour    |     9 |       |       ||     9
         Ring mail         |     8 |    91 |    31 ||   130
         Skin              |       |    23 |       ||    23
  Dodge: Dodged            |    13 |   128 |    55 ||   196

Table legend: (Time is in decaauts)
 A = Elapsed time spent in this place.
 B = Non-inter-level travel time spent in this place.
 C = Inter-level travel time spent in this place.
 D = Time resting spent in this place.
 E = Time spent auto-exploring this place.
 F = Levels seen in this place.
 G = Mean time per level.
                   A        B        C        D        E       F      G
               +--------+--------+--------+--------+--------+-----+--------+
         Total |   5623 |   5326 |    297 |    983 |   2962 |   7 |  803.3 |
       Dungeon |   4424 |   4127 |    297 |    704 |   2405 |   6 |  737.3 |
         Sewer |   1199 |   1199 |      0 |    279 |    557 |   1 | 1199.0 |
               +--------+--------+--------+--------+--------+-----+--------+

Top non-repeatable levels by time:
   Sewer: 1199 daAuts
     D:5: 1068 daAuts
     D:2: 1062 daAuts
     D:4: 901 daAuts
     D:1: 806 daAuts
     D:3: 542 daAuts
     D:6: 43 daAuts
